 Dungeon Crawl Stone Soup version 0.27.1-37-g7b29ead8ac (console) character file.

Game seed: 4117502121765570379

18 grimtooth the Caller (level 2, 0/11 HPs)
             Began as a Felid Summoner on Nov 16, 2023.
             Slain by a bat (1 damage)
             ... on level 2 of the Dungeon.
             The game lasted 00:09:48 (1572 turns).

grimtooth the Caller (Felid Summoner)               Turns: 1572, Time: 00:09:49

Health: 0/11       AC:  1    Str:  4    XL:     2   Next: 51%
Magic:  5/6        EV: 14    Int: 16    God:
Gold:   17         SH:  0    Dex: 16    Spells: 2/5 levels left
                                        Lives:  0   Deaths: 0

rFire    . . .     SeeInvis +   (weapon unavailable)
rCold    . . .     Faith    .   (shield unavailable)
rNeg     . . .     Spirit   .   (armour unavailable)
rPois    .         Reflect  .   (helmet unavailable)
rElec    .         Harm     .   (cloak unavailable)
rCorr    .         Rampage  .   (gloves unavailable)
Will     .....                  (boots unavailable)
Stlth    ++........             (no amulet)
HPRegen  0.03/turn              (no ring)
MPRegen  0.10/turn              (no ring)

@: constricted, quick
A: very small, claws 1, fangs 3, see invisible, speed 1, shaggy fur 1, stealthy
paws, no weapons or thrown items, no armour, multi-lived
a: no special abilities


You were on level 2 of the Dungeon.
You visited 1 branch of the dungeon, and saw 2 of its levels.

You collected 17 gold pieces.

Inventory:

Scrolls
 a - a scroll of enchant weapon {unknown}
 c - a scroll of magic mapping
 d - a scroll of teleportation {unknown}
Potions
 b - a potion of heal wounds {unknown}


   Skills:
 - Level 2.6 Dodging
 + Level 3.3 Stealth
 - Level 2.0 Spellcasting
 * Level 4.5 Summonings


You had 2 spell levels left.
You knew the following spells:

 Your Spells              Type           Power      Damage    Failure   Level
L - Summon Small Mammal   Summ           64%        N/A       3%          1
P - Call Imp              Summ           16%        N/A       4%          2

Your spell library contained the following spells:

 Spells                   Type           Power      Damage    Failure   Level
 Call Canine Familiar     Summ           16%        N/A       10%         3
 Summon Guardian Golem    Hex/Summ       8%         N/A       24%         3
 Summon Lightning Spire   Summ/Air       8%         N/A       63%         4
 Blade Hands              Tmut           0%         N/A       99%         5
 Portal Projectile        Hex/Tloc       Unusable   N/A       N/A         3
 Excruciating Wounds      Necr           Unusable   N/A       N/A         5

Dungeon Overview and Level Annotations

Branches:
Dungeon (2/15)

Altars:


Innate Abilities, Weirdness & Mutations

You have sharp claws.
You have razor-sharp teeth.
You have supernaturally acute eyesight. (SInv)
You cover ground quickly. (Speed+)
You are covered in fur. (AC +1)
Your paws help you pounce on unaware monsters.
You are incapable of wielding weapons or throwing items.
You cannot wear armour.
You gain extra lives every three experience levels.


Message History

You start resting.
An adder is nearby!
You swap places.
Found 7 gold pieces.
You stumble into a teleport trap!
You are suddenly yanked towards some nearby monsters!
Your surroundings suddenly seem different.
A ball python and a hobgoblin come into view.
The gnoll shouts!
The frilled lizard hisses angrily.
The ball python hisses angrily.
The bat misses you. The bat misses you. The ball python closely misses you.
The ball python grabs you. The ball python constricts you.
The hobgoblin shouts!
You scratch the ball python but do no damage.
The bat barely misses you. x2; The ball python closely misses you.
The ball python constricts you.
You barely miss the ball python. The bat hits you but does no damage.
The ball python closely misses you. The ball python constricts you.
You scratch the ball python.
The ball python is moderately wounded.
The bat completely misses you.
The ball python bites you but does no damage.
The ball python constricts you.
A giant cockroach comes into view.
The frilled lizard bites you.
* * * LOW HITPOINT WARNING * * *
You closely miss the ball python.
The ball python is moderately wounded.
The bat barely misses you. The ball python barely misses you.
The ball python constricts you.
* * * LOW HITPOINT WARNING * * *
The frilled lizard barely misses you. The bat barely misses you.
The ball python closely misses you. The ball python constricts you.
* * * LOW HITPOINT WARNING * * *
It was a potion of cancellation.
You feel magically purged.
The gnoll shouts!
The bat hits you.
You die...

#.........≈≈≈...,,,,* *,,,,,,,
########..≈≈≈..#*******,,,,,,,
#..≈≈≈..####,,,,,,,,,,,
#..≈≈≈B.....,***,****,*
#...8.g..#**** *,,**,,*
*#......#* ***,,,,,* ##.....#
*,,,,,*,* #...g## *,***,,,*
#..gg# *,* ***,* #..lb# *,*
*,,, ####@# ***,* *,,, #S#
*,,,* *,,, #.#*****,*** *,,,
#..,,,,,,* *,,, ###*,,,,,*
*,,, *,,,,,* *,,, *,,,,,* *,,,
******* *,,, *,,, ****


You could see 3 gnolls, a giant cockroach, a hobgoblin, a bat, a ball python and
a frilled lizard.

Vanquished Creatures
  An endoplasm (D:2)
  A goblin (D:2)
  A jackal (D:2)
  A quokka (D:2)
  A rat (D:1)
5 creatures vanquished.

Vanquished Creatures (collateral kills)
  3 bats (D:1)
  2 endoplasms
  3 goblins
  2 hobgoblins
  A jackal (D:2)
  2 quokkas
  2 ball pythons
  A frilled lizard (D:1)
  A kobold (D:1)
17 creatures vanquished.

Grand Total: 22 creatures vanquished

Notes
Turn   | Place    | Note
-------+----------+-------------------------------------------
     0 | D:1      | grimtooth the Felid Summoner began the quest for the Orb.
     0 | D:1      | Reached XP level 1. HP: 7/7 MP: 4/4
   843 | D:1      | Reached XP level 2. HP: 11/11 MP: 3/6
  1067 | D:1      | Found a faded altar of an unknown god.
  1154 | D:1      | Learned a level 2 spell: Call Imp
  1464 | D:2      | - oh drat
  1519 | D:2      | - maann
  1572 | D:2      | Slain by a bat

Illustrated notes

#....<.....#
#......§..$#
#[.........#
#5......(..#
##########.###
.#. # #.
#.#h## ..
#....# . .
#.### . ..
#@5r## .#...
###.>######.r.
##.)5.....#
###...#....#
#...).#.####
#.###...# ..
......).#
##..# ###[#
####...## #..#
##!J.# #...
#.## ##....
#... ..#
.....# #...
#..


Turn 1464 on D:2: - oh drat ### #.# #.############ #######.#.....@....#
###...................# ..§.#####............$.. ##### #...............
#................ #.............S.# # #...S............. ## #.#...............
>######...#....... .)<.....# ...#....# Turn 1519 on D:2: - maann

Levels and vault maps discovered:
D:1:      dpeg_arrival_concentric_ovals, layout_basic,
          shapermc_ecumenical_altar_totnotflames, minmay_misc_feat_diagonals,
          corexii_hall_statues_x, nrook_mini_vaults, minivault_19
D:2:      layout_rooms, serial_park_tiny_pond

Skill      XL: |  1 |
---------------+----+-----
Stealth        | 3 |  3.3
Dodging        | |  2.6
Spellcasting   | |  2.0
Summonings     | |  4.5

Action                   || total
-------------------------++-------
Melee: Unarmed           ||    40
       Bite              ||     2
 Cast: Summon Small Mamm ||    23
       Call Imp          ||     6
  Use: Scroll            ||     4
       Potion            ||     1
Armor: Skin              ||     4
Dodge: Dodged            ||    59
